NWL (28 & UNDER)
BALZAC RAMS @ RIVERSIDE RED BULLS
04/18/2023
 
TOP OF THE 1ST
Balzac Rams batting - Pitching for Riverside Red Bulls : RHP Alberto Gutiérrez
Pitching: RHP Alberto Gutiérrez
Batting: LHB Ryan Drake 0-0: Called Strike
0-1: SINGLE (Flyball, 8LM)
Batting: LHB José Berroa 0-0: Ball
1-0: Fly out, F7 (Flyball, 7M)
Batting: LHB Frank Geddes 0-0: Ball
1-0: Ball
2-0: Swinging Strike
2-1: Fielders Choice at 2nd, 3-6 (Groundball, 3)
Batting: SHB Chris Bennis 0-0: Ball
1-0: Ball
Wild Pitch!
Frank Geddes to second
2-0: Called Strike
2-1: Fly out, F7 (Flyball, 8LS)
Top of the 1st over - 0 run(s), 1 hit(s), 0 error(s), 1 left on base; Balzac 0 - Riverside 0
BOTTOM OF THE 1ST
Riverside Red Bulls batting - Pitching for Balzac Rams : RHP Luis Vargas
Pitching: RHP Luis Vargas
Batting: RHB Rafael Torres 0-0: Called Strike
0-1: Foul Ball, location: 2F
0-2: Ball
1-2: Strikes out swinging
Batting: LHB Aroghetto Dionisotti 0-0: Called Strike
0-1: Foul Ball, location: 2F
0-2: Foul Ball, location: 2F
0-2: Fly out, F7 (Flyball, 7M)
Batting: LHB Jorge Meléndez 0-0: Ball
1-0: SINGLE (Flyball, 8LS)
Batting: SHB Sloan James 0-0: Called Strike
0-1: Ball
1-1: Called Strike
Jorge Meléndez steals 2nd base
1-2: Ground out 3-6 (Groundball, 3S)
Bottom of the 1st over - 0 run(s), 1 hit(s), 0 error(s), 1 left on base; Balzac 0 - Riverside 0
TOP OF THE 2ND
Balzac Rams batting - Pitching for Riverside Red Bulls : RHP Alberto Gutiérrez
Batting: LHB Juan Carlos Sánchez 0-0: Swinging Strike
0-1: Ball
1-1: Ball
2-1: SINGLE (Line Drive, 9S)
Batting: RHB Josh Richardson 0-0: 2-RUN HOME RUN (Line Drive, 78XD), Distance : 421 ft
Batting: LHB Tomás Trinidad 0-0: Ball
1-0: Called Strike
1-1: Ball
2-1: Foul Ball, location: 2F
2-2: Ball
3-2: Strikes out looking
Batting: RHB Luis González 0-0: Ground out 6-3 (Groundball, 6)
Batting: RHB Ramón Torres 0-0: Swinging Strike
0-1: Ball
1-1: TRIPLE (Line Drive, 89M)
Batting: LHB Ryan Drake 0-0: Ball
Wild Pitch!
Ramón Torres scores
1-0: SINGLE (Line Drive, 56D)
Batting: LHB José Berroa 0-0: Ball
1-0: Ball
2-0: Ball
3-0: Base on Balls
Ryan Drake to second
Batting: LHB Frank Geddes 0-0: Ball
1-0: Ball
2-0: Called Strike
2-1: Ball
3-1: SINGLE (Line Drive, 89S)
Ryan Drake to third
José Berroa to second
Batting: SHB Chris Bennis 0-0: Called Strike
0-1: Called Strike
0-2: Ball
1-2: Strikes out swinging
Top of the 2nd over - 3 run(s), 5 hit(s), 0 error(s), 3 left on base; Balzac 3 - Riverside 0
BOTTOM OF THE 2ND
Riverside Red Bulls batting - Pitching for Balzac Rams : RHP Luis Vargas
Batting: RHB Chris Osborn 0-0: Called Strike
0-1: Called Strike
0-2: SINGLE (Groundball, 4M)
Batting: RHB Kyle Bacon 0-0: Ball
1-0: Ball
2-0: Ball
3-0: Base on Balls
Chris Osborn to second
Batting: RHB José Zúñiga 0-0: Ball
Balk!
Chris Osborn to third
Kyle Bacon to second
1-0: Ground out 4-3 (Groundball, 34)
Chris Osborn scores
Kyle Bacon to third
Batting: RHB Andy Aiton 0-0: Swinging Strike
0-1: Ball
1-1: Swinging Strike
1-2: Foul Ball, location: 2F
1-2: DOUBLE (Groundball, 5L)
Kyle Bacon scores
Batting: SHB Chun-yeong Kim 0-0: Foul Ball, location: 2F
0-1: Foul Ball, location: 2F
0-2: Ball
1-2: Ball
2-2: Strikes out swinging
Batting: RHB Rafael Torres 0-0: Foul Ball, location: 2F
0-1: Ball
1-1: Ball
2-1: Swinging Strike
2-2: Strikes out looking
Bottom of the 2nd over - 2 run(s), 2 hit(s), 0 error(s), 1 left on base; Balzac 3 - Riverside 2
TOP OF THE 3RD
Balzac Rams batting - Pitching for Riverside Red Bulls : RHP Alberto Gutiérrez
Batting: LHB Juan Carlos Sánchez 0-0: Ball
1-0: Swinging Strike
1-1: Swinging Strike
1-2: Ball
2-2: Strikes out swinging
Batting: RHB Josh Richardson 0-0: Ball
1-0: Ball
2-0: Called Strike
2-1: Swinging Strike
2-2: Strikes out looking
Batting: LHB Tomás Trinidad 0-0: Called Strike
0-1: Ball
1-1: SINGLE (Line Drive, 56D)
Batting: RHB Luis González 0-0: Ball
1-0: Ball
2-0: Fielders Choice at 2nd, U6 (Groundball, 6M)
Top of the 3rd over - 0 run(s), 1 hit(s), 0 error(s), 1 left on base; Balzac 3 - Riverside 2
BOTTOM OF THE 3RD
Riverside Red Bulls batting - Pitching for Balzac Rams : RHP Luis Vargas
Batting: LHB Aroghetto Dionisotti 0-0: Ball
1-0: Foul Ball, location: 2F
1-1: Called Strike
1-2: Strikes out swinging
Batting: LHB Jorge Meléndez 0-0: Called Strike
0-1: Ball
1-1: Swinging Strike
1-2: Foul Ball, location: 2F
1-2: Ball
2-2: Fly out, F9 (Flyball, 9M)
Batting: SHB Sloan James 0-0: SINGLE (Line Drive, 89S)
Batting: RHB Chris Osborn 0-0: Foul Ball, location: 2F
0-1: Ball
1-1: Foul Ball, location: 2F
1-2: Foul Ball, location: 2F
1-2: Foul Ball, location: 2F
1-2: Fly out, F9 (Flyball, 89XD)
Bottom of the 3rd over - 0 run(s), 1 hit(s), 0 error(s), 1 left on base; Balzac 3 - Riverside 2
TOP OF THE 4TH
Balzac Rams batting - Pitching for Riverside Red Bulls : RHP Alberto Gutiérrez
Batting: RHB Ramón Torres 0-0: Ball
1-0: Called Strike
1-1: DOUBLE (Flyball, 8RXD)
Batting: LHB Ryan Drake 0-0: Foul Ball, location: 2F
0-1: DOUBLE (Flyball, 9LM)
Ramón Torres scores
Batting: LHB José Berroa 0-0: Ball
1-0: Foul Ball, location: 2F
1-1: Ground out 6-3 (Groundball, 6M)
Ryan Drake to third
Batting: LHB Frank Geddes 0-0: Called Strike
0-1: Ground out 1-3 (Groundball, 13)
Batting: SHB Chris Bennis 0-0: Ball
1-0: Called Strike
1-1: 2-RUN HOME RUN (Flyball, 7D), Distance : 403 ft
Batting: LHB Juan Carlos Sánchez 0-0: Ball
1-0: Ball
2-0: Foul Ball, location: 2F
2-1: Foul Ball, location: 2F
2-2: Foul Ball, location: 2F
2-2: Ball
3-2: DOUBLE (Flyball, 89XD)
Pitching: RHP Jeff Hansen
Batting: RHB Josh Richardson 0-0: Ball
1-0: Ball
2-0: Called Strike
2-1: Ball
3-1: Foul Ball, location: 2F
3-2: Strikes out swinging
Top of the 4th over - 3 run(s), 4 hit(s), 0 error(s), 1 left on base; Balzac 6 - Riverside 2
BOTTOM OF THE 4TH
Riverside Red Bulls batting - Pitching for Balzac Rams : RHP Luis Vargas
Batting: RHB Kyle Bacon 0-0: Ground out 4-3 (Groundball, 4)
Batting: RHB José Zúñiga 0-0: Ball
1-0: Ball
2-0: Called Strike
2-1: Ball
3-1: Foul Ball, location: 2F
3-2: Fly out, F9 (Popup, 34D)
Batting: RHB Andy Aiton 0-0: Called Strike
0-1: Ball
1-1: Foul Ball, location: 2F
1-2: Foul Ball, location: 2F
1-2: Foul Ball, location: 2F
1-2: SINGLE (Groundball, 6MD) (infield hit)
Batting: SHB Chun-yeong Kim 0-0: Ball
1-0: Called Strike
1-1: Called Strike
1-2: Foul Ball, location: 2F
1-2: Ball
Andy Aiton steals 2nd base
2-2: Strikes out swinging
Bottom of the 4th over - 0 run(s), 1 hit(s), 0 error(s), 1 left on base; Balzac 6 - Riverside 2
TOP OF THE 5TH
Balzac Rams batting - Pitching for Riverside Red Bulls : RHP Jeff Hansen
Batting: LHB Tomás Trinidad 0-0: Ball
1-0: Ball
2-0: Swinging Strike
2-1: Fly out, F8 (Flyball, 8RM)
Batting: RHB Luis González 0-0: Ball
1-0: Ground out 4-3 (Groundball, 34)
Batting: RHB Ramón Torres 0-0: Ground out 2-3 (Groundball, 23)
Top of the 5th over - 0 run(s), 0 hit(s), 0 error(s), 0 left on base; Balzac 6 - Riverside 2
BOTTOM OF THE 5TH
Riverside Red Bulls batting - Pitching for Balzac Rams : RHP Luis Vargas
Batting: RHB Rafael Torres 0-0: SINGLE (Line Drive, 56)
Batting: LHB Aroghetto Dionisotti 0-0: Ball
1-0: Swinging Strike
1-1: Fly out, F7 (Flyball, 7M)
Batting: LHB Jorge Meléndez 0-0: Ball
Rafael Torres steals 2nd base
1-0: Called Strike
1-1: Ball
2-1: Called Strike
2-2: Strikes out looking
Batting: SHB Sloan James 0-0: DOUBLE (Line Drive, 89XD)
Rafael Torres scores
Batting: RHB Chris Osborn 0-0: Called Strike
0-1: Ball
1-1: Swinging Strike
1-2: Fly out, F8 (Flyball, 8RD)
Bottom of the 5th over - 1 run(s), 2 hit(s), 0 error(s), 1 left on base; Balzac 6 - Riverside 3
TOP OF THE 6TH
Balzac Rams batting - Pitching for Riverside Red Bulls : RHP Jeff Hansen
Batting: LHB Ryan Drake 0-0: Ball
1-0: Called Strike
1-1: Ball
2-1: Ball
3-1: Foul Ball, location: 2F
3-2: Strikes out looking
Batting: LHB José Berroa 0-0: Foul Ball, location: 2F
0-1: Ball
1-1: Ground out 5-3 (Groundball, 5)
Batting: LHB Frank Geddes 0-0: Ball
1-0: Called Strike
1-1: Ball
2-1: Swinging Strike
2-2: Foul Ball, location: 2F
2-2: Ball
3-2: Base on Balls
Batting: SHB Chris Bennis 0-0: Called Strike
0-1: Ball
1-1: SINGLE (Flyball, 7S)
Frank Geddes to second
Batting: LHB Juan Carlos Sánchez 0-0: Ball
1-0: Foul Ball, location: 2F
1-1: Ball
2-1: Ball
3-1: Called Strike
3-2: Base on Balls
Frank Geddes to third
Chris Bennis to second
Batting: RHB Josh Richardson 0-0: Ball
1-0: Foul Ball, location: 2F
1-1: Foul Ball, location: 2F
1-2: Strikes out swinging
Top of the 6th over - 0 run(s), 1 hit(s), 0 error(s), 3 left on base; Balzac 6 - Riverside 3
BOTTOM OF THE 6TH
Riverside Red Bulls batting - Pitching for Balzac Rams : RHP Luis Vargas
Batting: RHB Kyle Bacon 0-0: Ball
1-0: Ground out 5-3 (Groundball, 5)
Batting: RHB José Zúñiga 0-0: Called Strike
0-1: Ball
1-1: Ball
2-1: Ground out 6-3 (Groundball, 6M)
Batting: RHB Andy Aiton 0-0: Called Strike
0-1: Ball
1-1: Foul Ball, location: 2F
1-2: Strikes out swinging
Bottom of the 6th over - 0 run(s), 0 hit(s), 0 error(s), 0 left on base; Balzac 6 - Riverside 3
TOP OF THE 7TH
Balzac Rams batting - Pitching for Riverside Red Bulls : RHP Jeff Hansen
Pitching: LHP Stu Creichton
Batting: LHB Tomás Trinidad 0-0: Foul Ball, location: 2F
0-1: Ball
1-1: Ball
2-1: Swinging Strike
2-2: Strikes out swinging
Batting: RHB Luis González 0-0: Foul Ball, location: 2F
0-1: Ball
1-1: Foul Ball, location: 2F
1-2: Strikes out looking
Batting: RHB Ramón Torres 0-0: Ball
1-0: Foul Ball, location: 2F
1-1: Swinging Strike
1-2: Strikes out looking
Top of the 7th over - 0 run(s), 0 hit(s), 0 error(s), 0 left on base; Balzac 6 - Riverside 3
BOTTOM OF THE 7TH
Riverside Red Bulls batting - Pitching for Balzac Rams : RHP Luis Vargas
Pitching: LHP Richard Dorris
Batting: SHB Chun-yeong Kim 0-0: Foul Ball, location: 2F
0-1: Foul Ball, location: 2F
0-2: Ball
1-2: Ball
2-2: Ground out 6-3 (Groundball, 6M)
Batting: RHB Rafael Torres 0-0: Called Strike
0-1: Foul Ball, location: 2F
0-2: Foul Ball, location: 2F
0-2: Foul Ball, location: 2F
0-2: Ball
1-2: Ball
2-2: Fly out, F8 (Flyball, 78M)
Batting: LHB Aroghetto Dionisotti 0-0: Ball
1-0: Ball
2-0: Ball
3-0: Called Strike
3-1: Base on Balls
Batting: LHB Jorge Meléndez 0-0: Called Strike
0-1: Ball
1-1: Ball
2-1: Foul Ball, location: 2F
2-2: Ball
3-2: Strikes out swinging
Bottom of the 7th over - 0 run(s), 0 hit(s), 0 error(s), 1 left on base; Balzac 6 - Riverside 3
TOP OF THE 8TH
Balzac Rams batting - Pitching for Riverside Red Bulls : LHP Stu Creichton
Batting: LHB Ryan Drake 0-0: Ball
1-0: Foul Ball, location: 2F
1-1: SINGLE (Line Drive, 8LS)
Batting: LHB José Berroa 0-0: Ball
1-0: Sac Bunt - play at first, batter OUT! 5-4
Ryan Drake to second
Batting: LHB Frank Geddes 0-0: Intentional Walk
Batting: SHB Chris Bennis 0-0: Ball
1-0: Ground out U3 (Groundball, 3S)
Ryan Drake to third
Frank Geddes to second
Batting: LHB Juan Carlos Sánchez 0-0: Ball
1-0: Ball
2-0: Called Strike
2-1: Ball
3-1: Fly out, F7 (Flyball, 8LS)
Top of the 8th over - 0 run(s), 1 hit(s), 0 error(s), 2 left on base; Balzac 6 - Riverside 3
BOTTOM OF THE 8TH
Riverside Red Bulls batting - Pitching for Balzac Rams : LHP Richard Dorris
Batting: SHB Sloan James 0-0: Ball
1-0: Ball
2-0: SINGLE (Line Drive, 34D)
Pitching: RHP Savino Ammanati
Batting: RHB Chris Osborn 0-0: Called Strike
0-1: Foul Ball, location: 2F
0-2: Ball
1-2: SINGLE (Line Drive, 8RS)
Sloan James to second
Batting: RHB Kyle Bacon 0-0: Foul Ball, location: 2F
0-1: Ball
1-1: Swinging Strike
1-2: Foul Ball, location: 2F
1-2: Fly out, F8 (Flyball, 89M)
Batting: RHB José Zúñiga 0-0: Ball
1-0: Called Strike
1-1: Ball
2-1: Ball
3-1: Grounds into double play, 5-4-3 (Groundball, 56)
Bottom of the 8th over - 0 run(s), 2 hit(s), 0 error(s), 1 left on base; Balzac 6 - Riverside 3
TOP OF THE 9TH
Balzac Rams batting - Pitching for Riverside Red Bulls : LHP Stu Creichton
Pitching: RHP Derrick Baird
Batting: RHB Josh Richardson 0-0: Ground out 4-3 (Groundball, 4M)
Batting: LHB Tomás Trinidad 0-0: Ball
1-0: Called Strike
1-1: Ball
2-1: Ball
3-1: Base on Balls
Batting: RHB Luis González 0-0: Ball
1-0: Swinging Strike
1-1: Swinging Strike
1-2: Foul Ball, location: 2F
1-2: Foul Ball, location: 2F
1-2: Strikes out swinging
Batting: RHB Ramón Torres 0-0: Ball
1-0: SINGLE (Groundball, 3L)
Tomás Trinidad to second
Runner from 2nd tries for 3rd, SAFE, throw made to third
Batting: LHB Ryan Drake 0-0: Called Strike
0-1: Ball
1-1: Foul Ball, location: 2F
1-2: Ball
2-2: Ball
3-2: Base on Balls
Ramón Torres to second
Batting: LHB José Berroa 0-0: Called Strike
0-1: Called Strike
0-2: Ball
1-2: Strikes out swinging
Top of the 9th over - 0 run(s), 1 hit(s), 0 error(s), 3 left on base; Balzac 6 - Riverside 3
BOTTOM OF THE 9TH
Riverside Red Bulls batting - Pitching for Balzac Rams : RHP Savino Ammanati
Pitching: RHP Ron Henningar
Now in LF: William Wolf
Batting: RHB Andy Aiton 0-0: Ball
1-0: Ball
2-0: Ground out 5-3 (Groundball, 56)
Batting: SHB Chun-yeong Kim 0-0: Swinging Strike
0-1: Ball
1-1: Foul Ball, location: 2F
1-2: Foul Ball, location: 2F
1-2: Ball
2-2: Strikes out looking
Batting: RHB Rafael Torres 0-0: Ball
1-0: Called Strike
1-1: Ground out 5-3 (Groundball, 56)
Bottom of the 9th over - 0 run(s), 0 hit(s), 0 error(s), 0 left on base; Balzac 6 - Riverside 3
This league is powered by Out of the Park Baseball, the baseball management simulation game for PC, Mac and Linux
Wednesday, December 2nd, 2015 - OOTP Baseball 16.8 Build 38